 Dungeon Crawl Stone Soup version 0.26-a0-651-gb41185065b (webtiles) character file.

Game seed: 7121685469951808654

36397 Irenicus the Executioner (level 13, -4/120 HPs)
             Began as a Deep Dwarf Berserker on Oct 1, 2020.
             Was an Elder of Trog.
             Slain by a cyclops (16 damage)
             ... on level 2 of the Orcish Mines on Oct 2, 2020.
             The game lasted 00:57:20 (7600 turns).

Irenicus the Executioner (Deep Dwarf Berserker)     Turns: 7600, Time: 00:57:21

Health: -4/120     AC: 20    Str: 36    XL:     13   Next: 52%
Magic:  13/13      EV:  9    Int: 11    God:    Trog [****..]
Gold:   1084       SH:  0    Dex: 18    Spells: 12/12 levels left

rFire    + + .     SeeInvis .   s - +9 battleaxe
rCold    . . .     Faith    +   (shield currently unavailable)
rNeg     . . .     Spirit   .   A - +4 plate armour "Heralywk" {rF+ MR+ Str+3 Stlth+}
rPois    .         Reflect  .   e - +2 helmet {Int+3}
rElec    .         Harm     .   b - scarf {repulsion}
rCorr    .         Rampage  .   x - +1 pair of gloves
MR       +++..                  (no boots)
Stlth    ..........             j - amulet of faith {Faith, !P}
HPRegen  0.00/turn              c - ring "Zibac" {rF+ Str+6 Dex+2 Stlth+}
MPRegen  0.13/turn              o - ring "Viduig" {MR+ Str+3}

@: non-regenerating, repel missiles
A: damage resistance, heal wounds, hooves 1, sense surroundings 2, strong 1,
MP-powered wands, no regeneration
a: Heal Wounds, Berserk, Trog's Hand, Brothers in Arms, Renounce Religion


You were on level 2 of the Orcish Mines.
You worshipped Trog.
Trog was greatly pleased with you.
You visited 2 branches of the dungeon, and saw 15 of its levels.
You also visited: Gauntlet.

You collected 1084 gold pieces.

Inventory:

Hand Weapons
 s - a +9 battleaxe (weapon)
   (You took it off a wight on level 7 of the Dungeon)
Armour
 b - a scarf of repulsion (worn)
   (You found it on level 9 of the Dungeon)
 e - a +2 helmet of intelligence (worn)
   (You found it in a Gauntlet)
 x - a +1 pair of gloves (worn)
   (You found it on level 4 of the Dungeon)
 A - the +4 plate armour "Heralywk" (worn) {rF+ MR+ Str+3 Stlth+}
   (You found it on level 6 of the Dungeon)

   It affects your strength (+3).
   It protects you from fire.
   It affects your resistance to hostile enchantments.
   It makes you more stealthy.
Jewellery
 c - the ring "Zibac" (left hand) {rF+ Str+6 Dex+2 Stlth+}
   (You found it in a Gauntlet)

   [ring of strength]

   It affects your strength (+6).
   It affects your dexterity (+2).
   It protects you from fire.
   It makes you more stealthy.
 j - an amulet of faith (around neck) {Faith, !P}
   (You took it off a centaur warrior on level 13 of the Dungeon)
 k - the ring "Yjyqas" {rElec rPois rF- rC- SInv}
   (You took it off a minotaur in a Gauntlet)

   [ring of see invisible]

   It makes you vulnerable to fire.
   It makes you vulnerable to cold.
   It insulates you from electricity.
   It protects you from poison.
   It lets you see invisible.
 o - the ring "Viduig" (right hand) {MR+ Str+3}
   (You found it on level 8 of the Dungeon)

   [ring of protection from magic]

   It affects your strength (+3).
   It affects your resistance to hostile enchantments.
 F - the ring "Odyebirch" {Str-2 Int+2 Slay+2 Stlth-}
   (You found it in a Gauntlet)

   [ring of attention]

   It affects your strength (-2).
   It affects your intelligence (+2).
   It affects your accuracy and damage with ranged weapons and melee attacks
   (+2).
   It makes you less stealthy.
Wands
 r - a wand of iceblast (13)
   (You found it on level 3 of the Dungeon)
 z - a wand of disintegration (32)
   (You found it on level 5 of the Dungeon)
 C - a wand of paralysis (11)
   (You found it in a Gauntlet)
 G - a wand of digging (4)
   (You found it in a Gauntlet)
Scrolls
 g - 3 scrolls of fog
 m - 9 scrolls of identify
 p - a scroll of enchant weapon
 q - a scroll of enchant armour
 y - 4 scrolls of remove curse
 B - 3 scrolls of teleportation
Potions
 a - 2 potions of might
 d - 5 potions of curing
 f - a potion of cancellation {unknown}
 h - 3 potions of mutation {!q}
 i - a potion of stabbing
 l - a potion of berserk rage {!q}
 n - a potion of lignification {!q}
 t - 2 potions of heal wounds
 v - a potion of flight
 w - 4 potions of resistance


   Skills:
 + Level 8.9 Fighting
 - Level 21.4 Axes
 - Level 2.1 Armour
 - Level 2.1 Dodging


You had 12 spell levels left.
You didn't know any spells.
Your spell library was empty.

Dungeon Overview and Level Annotations

Branches:
Dungeon (13/15)            Temple (0/1) D:7            Lair (0/6) D:10
    Orc (2/2) D:9             Elf (0/3) Orc:2       Gauntlet (visited)
 Vaults: D:13-14

Altars:
Ashenzari
Cheibriados
Dithmenos
Elyvilon
Fedhas
Gozag
Kikubaaqudgha
Nemelex Xobeh
Okawaru
Ru
Trog
Xom
Zin
The Shining One
Beogh

Shops:
Orc:2 (*(!

Portals:
Trove: D:11 (give 14 scrolls of teleportation)


Innate Abilities, Weirdness & Mutations

You are resistant to damage.
You can heal yourself by infusing magical energy.
You passively map the area around you.
You do not regenerate.
You have large cloven feet.
Your muscles are strong. (Str +2)
You expend magic power (3 MP) to strengthen your wands.


Message History

There is an entrance to Ragyinia's Weapon Shoppe here.
Unknown command.
There is an entrance to Tocix's Antique Weapon Shop here.
There is an entrance to Tech's General Store here.
Really put on
j - an uncursed amulet of faith {Faith, !P}?
Okay, then.
Unknown command.
Your skin crawls.
You feel resistant to hostile enchantments.
An orc comes into view.
The orc shouts!
An orc warrior comes into view.
It is wielding a +0 long sword. 2 orcs come into view.
The orc warrior shouts!
The orc shouts! x2
Really put on
j - an uncursed amulet of faith {Faith, !P}?
You start putting on your amulet.
You continue putting on your uncursed amulet of faith {Faith, !P}. x2
You recover from your berserk rage.
You continue putting on your uncursed amulet of faith {Faith, !P}. x2
The orc hits you but does no damage.
You continue putting on your uncursed amulet of faith {Faith, !P}.
The orc hits you but does no damage.
You finish putting on your uncursed amulet of faith {Faith, !P}.
You feel a surge of divine interest.
j - an amulet of faith (around neck) {Faith, !P} You regained 5 hp, and now have 36/118 hp.
You slice the orc!!
You kill the orc!
Trog accepts your kill.
You slash the orc!
You kill the orc!
Trog accepts your kill.
You hit the orc warrior but do no damage.
You kick the orc warrior.
The orc warrior is lightly wounded.
You cut the orc warrior into ribbons!!!
You kill the orc warrior!
Trog accepts your kill.
You hit the orc. The orc closely misses you.
You closely miss the orc. You kick the orc, but do no damage.
The orc is severely wounded.
The orc barely misses you.
You hit the orc.
You kill the orc!
Trog accepts your kill.
Items here: )) [[ †.
You now have 971 gold pieces (gained 21).
You regained 2 hp, and now have 45/120 hp.
You now have 988 gold pieces (gained 17).
You regained 2 hp, and now have 47/120 hp.
You feel the effects of Trog's Hand fading.
You now have 1015 gold pieces (gained 27).
You regained 2 hp, and now have 59/120 hp.
Your skin stops crawling.
You feel less resistant to hostile enchantments.
You now have 1040 gold pieces (gained 25).
An orc sorcerer comes into view. It is wielding a +0 dagger.
The orc sorcerer shouts!
The orc sorcerer gestures wildly while chanting.
The sixfirhy hits you. The sixfirhy shocks you!
You see here 24 gold pieces.
You take 7 damage, and have 56/120 hp.
You now have 1064 gold pieces (gained 24).
The sixfirhy barely misses you. The sixfirhy hits you! The sixfirhy shocks you!
You take 14 damage, and have 42/120 hp.
The orc sorcerer hits you but does no damage.
You slice the orc sorcerer!! Your kick misses the orc sorcerer.
The orc sorcerer is almost dead.
You slice the sixfirhy!!
The sixfirhy hits you but does no damage. x2
The orc sorcerer barely misses you.
The sixfirhy hits you but does no damage.
You chop the orc sorcerer into pieces!!!
You kill the orc sorcerer!
Trog accepts your kill.
Trog appreciates your killing of a magic user.
The sixfirhy disappears in a puff of smoke!
Things that are here:
a +0 dagger; a +0 robe; an orc corpse You now have 1084 gold pieces (gained 20).
MP restored: 13 A cyclops comes into view.
The cyclops shouts!
The cyclops throws a large rock.
The large rock barely misses you.
The cyclops throws a large rock.
The large rock hits you!!
* * * LOW HITPOINT WARNING * * *
You see here a large rock {!d}.
You take 18 damage, and have 24/120 hp.
The cyclops throws a large rock.
The large rock misses you.
You barely miss the cyclops. You kick the cyclops.
The cyclops is lightly wounded.
The cyclops hits you!
* * * LOW HITPOINT WARNING * * *
You take 12 damage, and have 12/120 hp.
You hit the cyclops. You kick the cyclops, but do no damage.
The cyclops is lightly wounded.
You slice the cyclops!! You kick the cyclops.
The cyclops is severely wounded.
The cyclops hits you!!
You die...

, * * #....#.#...##*
*............ *
##...........,
##............, *
###............. ,,*
##............... *
#.........C...... ,,
##........@#...... ,
#.......(......... ,
##......(..(.......
,
#...#..............
, #.................
#..............$.. ,
* *
##.................,
* ,,
#..................,
*#.....
#.................
,##.....


You could see a cyclops.

Vanquished Creatures
  Frances (D:13)
  A minotaur (Gauntlet)
  A green death (Gauntlet)
  2 hydras
  14 two-headed ogres
  Erica (D:8)
  4 ogre magi (Orc:2)
  A centaur warrior (D:13)
  A tengu warrior (Gauntlet)
  5 skeletal warriors (D:12)
  A fire crab (shapeshifter) (D:13)
  An unseen horror (D:12)
  An ugly thing (D:8)
  An orc sorcerer (Orc:2)
  Joseph (D:7)
  An orange demon (Gauntlet)
  A gargoyle (D:8)
  2 komodo dragons
  3 tengu conjurers
  6 trolls
  A hornet (D:12)
  A slime creature (D:8)
  A hippogriff (D:7)
  2 wraiths
  8 yaks
  4 wyverns
  A vampire mosquito (D:13)
  A steam dragon (D:5)
  3 swamp worms (Gauntlet)
  A floating eye (D:13)
  8 orc warriors
  2 sky beasts
  An eye of draining (D:11)
  4 ice beasts
  23 ogres
  A black bear (D:9)
  2 phantoms
  3 centaurs
  A crocodile (D:13)
  4 big kobolds
  3 bullfrogs
  A gnoll sergeant (D:7)
  A wyvern zombie (D:13)
  A wyvern skeleton (D:13)
  2 scorpions (D:8)
  4 killer bees (D:7)
  5 wights
  A howler monkey (D:6)
  A centaur zombie (D:8)
  Crazy Yiuf (D:3)
  2 bullfrog zombies
  3 jellies
  5 hounds
  8 orc priests
  2 centaur skeletons
  2 bullfrog skeletons
  An iguana (D:5)
  11 orc wizards
  14 worker ants
  2 killer bee zombies
  3 hound skeletons
  Robin (D:2)
  A howler monkey zombie (D:9)
  2 worker ant zombies
  5 gnolls (D:7)
  11 adders
  A shadow imp (D:5)
  6 ufetubi
  2 adder skeletons
  An adder zombie (D:8)
  5 worms
  A dart slug (D:1)
  7 leopard geckos
  47 orcs
  A bat zombie (D:4)
  A giant cockroach (D:4)
  20 goblins
  9 hobgoblins
  6 jackals
  4 quokkas
  4 bats
  A frilled lizard (D:1)
  A jackal zombie (D:5)
  26 kobolds
  A leopard gecko skeleton (D:5)
  6 rats
  A rat zombie (D:4)
365 creatures vanquished.

Notes
Turn   | Place    | Note
-------+----------+-------------------------------------------
     0 | D:1      | Irenicus the Deep Dwarf Berserker began the quest for the
                  | Orb.
     0 | D:1      | Reached XP level 1. HP: 20/20 MP: 1/1
    91 | D:1      | Reached skill level 4 in Axes
    91 | D:1      | Reached XP level 2. HP: 24/27 MP: 2/2
   391 | D:2      | Noticed Robin
   401 | D:2      | Reached XP level 3. HP: 16/33 MP: 3/3
   402 | D:2      | Killed Robin
   444 | D:2      | Reached skill level 5 in Axes
   706 | D:2      | HP: 6/33 [adder (3)]
   753 | D:3      | Found a shadowy altar of Dithmenos.
   765 | D:3      | Reached ** piety under Trog
   767 | D:3      | Reached XP level 4. HP: 11/40 MP: 4/4
   932 | D:3      | HP: 3/40 [orc/+0 short sword (4)]
   956 | D:3      | Found a shimmering altar of Xom.
  1008 | D:3      | Reached skill level 6 in Axes
  1010 | D:3      | HP: 9/40 [orc/+0 mace (2)]
  1322 | D:3      | Found a runed translucent door.
  1323 | D:3      | Noticed Crazy Yiuf
  1333 | D:3      | Killed Crazy Yiuf
  1333 | D:3      | Reached XP level 5. HP: 35/46 MP: 5/5
  1384 | D:3      | Found a glowing silver altar of Zin.
  1470 | D:4      | Found an opulent altar of Gozag.
  1505 | D:4      | Found an iron altar of Okawaru.
  1664 | D:4      | Found a blossoming altar of Fedhas.
  1673 | D:4      | Reached skill level 7 in Axes
  1844 | D:4      | Found an ancient bone altar of Kikubaaqudgha.
  2032 | D:5      | Entered Level 5 of the Dungeon
  2058 | D:5      | Reached XP level 6. HP: 27/55 MP: 6/6
  2071 | D:5      | Reached skill level 8 in Axes
  2082 | D:5      | Noticed a steam dragon
  2094 | D:5      | HP: 20/82 [steam dragon (4)]
  2095 | D:5      | HP: 3/82 [steam dragon/ball of steam (18)]
  2099 | D:5      | Gained mutation: You have large cloven feet. [potion of
                  | mutation]
  2099 | D:5      | Gained mutation: Your muscles are strong. (Str +2) [potion
                  | of mutation]
  2099 | D:5      | Gained mutation: You expend magic power (3 MP) to
                  | strengthen your wands. [potion of mutation]
  2101 | D:5      | HP: 12/82 [steam dragon] (9)]
  2107 | D:5      | HP: 16/82 [steam dragon] (11)]
  2113 | D:5      | HP: 10/55 [steam dragon (5)]
  2122 | D:5      | Killed a steam dragon
  2238 | D:5      | Reached XP level 7. HP: 22/61 MP: 7/7
  2242 | D:5      | Found a broken altar of Ashenzari.
  2318 | D:5      | Reached skill level 9 in Axes
  2417 | D:5      | Found an ancient bone altar of Kikubaaqudgha.
  2524 | D:5      | HP: 13/61 [shadow imp (3)]
  2539 | D:5      | HP: 12/61 [adder (1)]
  2596 | D:6      | Got a masterwork plate armour
  2611 | D:6      | Identified the +4 plate armour "Heralywk" {rF+ MR+ Str+3
                  | Stlth+} (You found it on level 6 of the Dungeon)
  2716 | D:6      | Reached skill level 10 in Axes
  3032 | D:7      | Found a sacrificial altar of Ru.
  3040 | D:7      | Reached *** piety under Trog
  3040 | D:7      | Reached XP level 8. HP: 42/68 MP: 8/8
  3045 | D:7      | Reached skill level 11 in Axes
  3118 | D:7      | Noticed Joseph
  3129 | D:7      | Killed Joseph
  3129 | D:7      | Reached skill level 12 in Axes
  3147 | D:7      | Found a staircase to the Ecumenical Temple.
  3177 | D:7      | Found a bloodstained altar of Trog.
  3180 | D:7      | Noticed a hippogriff
  3191 | D:7      | Killed a hippogriff
  3216 | D:7      | Found a snail-covered altar of Cheibriados.
  3285 | D:7      | Gained mutation: You passively map the area around you.
                  | [Deep Dwarf growth]
  3285 | D:7      | Reached XP level 9. HP: 31/74 MP: 9/9
  3350 | D:7      | Reached skill level 13 in Axes
  3670 | D:8      | Reached skill level 14 in Axes
  3724 | D:8      | HP: 17/74 [orc priest/divine providence (10)]
  3736 | D:8      | Noticed a komodo dragon
  3740 | D:8      | Killed a komodo dragon
  3819 | D:8      | Noticed a purple ugly thing
  3820 | D:8      | Noticed a tengu conjurer
  3846 | D:8      | Noticed a six-headed hydra
  3855 | D:8      | HP: 4/74 [tengu conjurer/bolt of lightning (23)]
  3894 | D:8      | HP: 17/74 [acid (9)]
  3897 | D:8      | Reached skill level 15 in Axes
  3949 | D:8      | Killed a nine-headed hydra
  3949 | D:8      | Reached XP level 10. HP: 48/81 MP: 0/10
  4009 | D:8      | Reached **** piety under Trog
  4018 | D:8      | Noticed a gargoyle
  4034 | D:8      | Killed a gargoyle
  4034 | D:8      | Reached skill level 16 in Axes
  4068 | D:8      | Noticed Erica
  4073 | D:8      | Killed Erica
  4074 | D:8      | Got a translucent ivory ring
  4082 | D:8      | Identified the ring "Viduig" {MR+ Str+3} (You found it on
                  | level 8 of the Dungeon)
  4236 | D:8      | Killed a purple ugly thing
  4272 | D:8      | Reached skill level 17 in Axes
  4332 | D:9      | Found a white marble altar of Elyvilon.
  4414 | D:9      | Found a sparkling altar of Nemelex Xobeh.
  4421 | D:9      | Found a staircase to the Orcish Mines.
  4862 | D:10     | Entered Level 10 of the Dungeon
  4865 | D:10     | Reached XP level 11. HP: 67/88 MP: 11/11
  5122 | D:10     | Found a staircase to the Lair.
  5411 | D:11     | Found a broken altar of Ashenzari.
  5542 | D:11     | Found a portal to a secret trove of treasure.
  5696 | D:11     | Found a glowing golden altar of the Shining One.
  5768 | D:11     | HP: 22/88 [troll (4)]
  5839 | D:12     | Reached skill level 18 in Axes
  5923 | D:12     | Paralysed by a hornet for 2 turns
  5967 | D:12     | You fall into a shaft and drop 1 floor!
  6060 | D:12     | Noticed a two-headed ogre
  6067 | D:12     | Killed a two-headed ogre
  6069 | D:12     | Found a gate leading to a gauntlet.
  6080 | Gauntlet | Entered a Gauntlet
  6080 | Gauntlet | Found a transporter.
  6080 | Gauntlet | Found a transporter.
  6084 | Gauntlet | Noticed a tengu warrior
  6088 | Gauntlet | Found a transporter.
  6088 | Gauntlet | Found a transporter.
  6093 | Gauntlet | Noticed an orb spider
  6093 | Gauntlet | an orb spider changed into a meliai
  6105 | Gauntlet | Found a transporter.
  6108 | Gauntlet | Found a transporter.
  6110 | Gauntlet | Noticed a green death
  6114 | Gauntlet | Found a transporter.
  6114 | Gauntlet | Found a transporter.
  6115 | Gauntlet | Noticed a death drake
  6160 | Gauntlet | Found a transporter.
  6185 | Gauntlet | Found a transporter.
  6222 | Gauntlet | Found a transporter.
  6237 | Gauntlet | Found a transporter.
  6250 | Gauntlet | Found a transporter.
  6324 | Gauntlet | Found a transporter.
  6333 | Gauntlet | Found a transporter.
  6336 | Gauntlet | Noticed a soul eater
  6349 | Gauntlet | Found a transporter.
  6409 | Gauntlet | Noticed a fire crab
  6425 | Gauntlet | a fire crab changed into a komodo dragon
  6469 | Gauntlet | Killed a tengu warrior
  6530 | Gauntlet | Got a slimy marble ring
  6532 | Gauntlet | Identified the ring "Zibac" {rF+ Str+6 Dex+2 Stlth+} (You
                  | found it in a Gauntlet)
  6568 | Gauntlet | Killed a green death
  6568 | Gauntlet | Reached skill level 19 in Axes
  6632 | Gauntlet | Identified the ring "Yjyqas" {rElec rPois rF- rC- SInv}
  6632 | Gauntlet | Noticed a minotaur
  6633 | Gauntlet | Found the +3 giant club "Skullcrusher" {speed, Str+7}
  6643 | Gauntlet | Killed a minotaur
  6646 | Gauntlet | Irenicus: ?? skullcrusher
  6646 | Gauntlet | beem: skullcrusher[1/1]: The +3 giant club "Skullcrusher"
                  | {speed, Str+7}.
  6647 | Gauntlet | Got a brightly glowing flail
  6650 | Gauntlet | Got a scintillating steel ring
  6652 | Gauntlet | Identified the ring "Odyebirch" {Str-2 Int+2 Slay+2 Stlth-}
                  | (You found it in a Gauntlet)
  6654 | Gauntlet | Identified the Papyrus of Shifting Flight
  6661 | D:12     | Identified the +6 flail of Duty {vorpal, rN+ Str+6} (You
                  | found it in a Gauntlet)
  6676 | D:12     | Killed an unseen horror
  6770 | D:12     | Noticed a skeletal warrior
  6780 | D:12     | Noticed a skeletal warrior
  6780 | D:12     | Noticed a skeletal warrior
  6780 | D:12     | Noticed a skeletal warrior
  6781 | D:12     | Killed a skeletal warrior
  6781 | D:12     | Reached XP level 12. HP: 90/96 MP: 12/12
  6972 | D:12     | Reached skill level 20 in Axes
  7104 | D:13     | Noticed a two-headed ogre
  7109 | D:13     | Killed a two-headed ogre
  7115 | D:13     | Noticed a centaur warrior
  7127 | D:13     | Noticed a two-headed ogre
  7134 | D:13     | Noticed Frances
  7135 | D:13     | Killed a two-headed ogre
  7142 | D:13     | HP: 32/144 [Frances/+0 short sword (13)]
  7143 | D:13     | Noticed an eight-headed hydra
  7144 | D:13     | Killed Frances
  7144 | D:13     | Reached skill level 21 in Axes
  7147 | D:13     | Killed a ten-headed hydra
  7148 | D:13     | HP: 26/144 [troll (9)]
  7155 | D:13     | HP: 19/96 [centaur warrior/arrow (3)]
  7159 | D:13     | HP: 7/96 [centaur warrior/arrow (11)]
  7165 | D:13     | Killed a centaur warrior
  7173 | D:13     | HP: 22/96 [wyvern (3)]
  7288 | Orc:1    | Entered Level 1 of the Orcish Mines
  7439 | Orc:2    | Entered Level 2 of the Orcish Mines
  7439 | Orc:2    | Found a roughly hewn altar of Beogh.
  7439 | Orc:2    | Found a staircase to the Elven Halls.
  7444 | Orc:2    | Noticed a two-headed ogre
  7444 | Orc:2    | Noticed an ogre mage
  7445 | Orc:2    | Found Kedgh's Distillery.
  7445 | Orc:2    | Found Ragyinia's Weapon Shoppe.
  7445 | Orc:2    | Noticed a two-headed ogre
  7445 | Orc:2    | Noticed an ogre mage
  7445 | Orc:2    | Noticed an ogre mage
  7445 | Orc:2    | Noticed an ogre mage
  7446 | Orc:2    | Found Tech's General Store.
  7446 | Orc:2    | Found Tocix's Antique Weapon Shop.
  7446 | Orc:2    | Noticed a two-headed ogre
  7446 | Orc:2    | Noticed a two-headed ogre
  7446 | Orc:2    | Noticed a two-headed ogre
  7446 | Orc:2    | Noticed a two-headed ogre
  7448 | Orc:2    | Noticed a two-headed ogre
  7449 | Orc:2    | Killed a two-headed ogre
  7449 | Orc:2    | Reached skill level 3 in Fighting
  7450 | Orc:2    | Noticed a two-headed ogre
  7451 | Orc:2    | Noticed a two-headed ogre
  7451 | Orc:2    | Killed an ogre mage
  7453 | Orc:2    | Killed a two-headed ogre
  7453 | Orc:2    | Reached skill level 4 in Fighting
  7456 | Orc:2    | Noticed a two-headed ogre
  7457 | Orc:2    | Noticed a two-headed ogre
  7458 | Orc:2    | Reached XP level 13. HP: 60/108 MP: 13/13
  7462 | Orc:2    | Reached skill level 5 in Fighting
  7465 | Orc:2    | Reached skill level 6 in Fighting
  7474 | Orc:2    | Reached skill level 7 in Fighting
  7481 | Orc:2    | Reached skill level 8 in Fighting
  7482 | Orc:2    | HP: 17/117 [ogre/+0 giant club (22)]
  7491 | Orc:2    | HP: 25/117 [ogre/+0 giant club (15)]
  7495 | Orc:2    | HP: 7/118 [ogre/+0 giant spiked club (8)]
  7502 | Orc:2    | HP: 16/118 [ogre mage/+0 halberd (2)]
  7589 | Orc:2    | HP: 24/120 [cyclops/large rock (18)]
  7598 | Orc:2    | HP: 12/120 [cyclops (12)]
  7600 | Orc:2    | Slain by a cyclops

Illustrated notes

Levels and vault maps discovered:
D:1:      zelgadis_glass_arrival_small, layout_rooms
D:2:      layout_basic, uniq_robin
D:3:      cheibrodos_greedy_goblins, layout_loops_ring, lemuel_doored_altar,
          nicolae_dithmenos_shadow_blocks, lemuel_round_altar,
          kennysheep_another_room, minmay_strange_pillars,
          uniq_crazy_yiuf_cottage
D:4:      layout_rooms, lemuel_crystal_altar, kennysheep_little_box,
          lemuel_crystal_altar, lemuel_zombie_altar_kikubaaqudgha
D:5:      layout_gridville, evilmike_ruin_ashenzari, basic_altar
D:6:      layout_loops_ring
D:7:      layout_rooms, kennysheep_mini, nicolae_ru_awakened_eye,
          lemuel_crystal_altar, minmay_temple_entry_antechambers, uniq_joseph
D:8:      minmay_the_grid_octo_tiled_octocenter [minmay_the_grid_octo_toaster,
          minmay_the_grid_octo_checkered, minmay_the_grid_octo_teeth,
          minmay_the_grid_octo_tetromino_candy,
          minmay_the_grid_octo_prize_square_snowflake,
          minmay_the_grid_square_5x5_detours,
          minmay_the_grid_square_5x5_two_walls_b,
          minmay_the_grid_square_5x5_one_wall,
          minmay_the_grid_square_5x5_inset], layout_basic, uniq_erica
D:9:      layout_gridville, elyvilon_altar_5, david_orc_2, basic_altar
D:10:     layout_long_grid, lair_entry_dummy, serial_glass, glass_columns_c,
          glass_columns_a
D:11:     layout_layer_cave, basic_altar, nicolae_trove_entry_free_sample,
          nicolae_tso_carved_into_rock
D:12:     layout_loops_cross, gauntlet_entry_generic
D:13:     layout_long_grid, david_vaults_5, onia_ninara_cookie, uniq_frances
Orc:1:    lemuel_ogre_cave, layout_caves
Orc:2:    st_orc_ogre_mass, layout_caves, basic_altar

Skill      XL: |  1  2  3  4  5  6  7  8  9 10 11 12 13 |
---------------+----------------------------------------+-----
Axes           | 4 5 6 7 8 10 12 15 17 19 21 | 21.4
Fighting       | 4 8 |  8.9
Armour         | |  2.1
Dodging        | |  2.1

Action                   |  1- 3 |  4- 6 |  7- 9 | 10-12 | 13-15 || total
-------------------------+-------+-------+-------+-------+-------++-------
Melee: Hand axe          |    80 |   123 |   112 |       |       ||   315
       Kick              |       |     4 |    79 |   128 |    21 ||   232
       Battleaxe         |       |       |   103 |   352 |    45 ||   500
Invok: Berserk           |     4 |     6 |    13 |    11 |     1 ||    35
       Trog's Hand       |       |     5 |     9 |    18 |     2 ||    34
 Abil: Heal Wounds       |       |     1 |       |       |       ||     1
Evoke: Wand              |       |       |     8 |     5 |     4 ||    17
  Use: Scroll            |     4 |     1 |     7 |    13 |       ||    25
       Potion            |     1 |     8 |     2 |     1 |     2 ||    14
 Stab: Sleeping          |     2 |     4 |       |       |       ||     6
       Invisible         |       |     1 |       |       |       ||     1
Armor: Animal skin       |    16 |       |       |       |       ||    16
       Skin              |     3 |    35 |       |       |       ||    38
       Leather armour    |     1 |    35 |     5 |       |       ||    41
       Plate armour      |       |       |   144 |   231 |    22 ||   397
Dodge: Dodged            |    43 |    96 |    89 |   117 |    34 ||   379
       Repelled          |       |       |       |     2 |       ||     2

Table legend: (Time is in decaauts)
 A = Elapsed time spent in this place.
 B = Non-inter-level travel time spent in this place.
 C = Inter-level travel time spent in this place.
 D = Time resting spent in this place.
 E = Time spent auto-exploring this place.
 F = Levels seen in this place.
 G = Mean time per level.
                   A        B        C        D        E       F      G
               +--------+--------+--------+--------+--------+-----+--------+
         Total |   7843 |   7626 |    217 |     13 |    662 |  16 |  490.2 |
       Dungeon |   6926 |   6709 |    217 |     13 |    662 |  13 |  532.8 |
  Orcish Mines |    298 |    298 |      0 |      0 |      0 |   2 |  149.0 |
      Gauntlet |    618 |    618 |      0 |      0 |      0 |   1 |  618.0 |
               +--------+--------+--------+--------+--------+-----+--------+

Top non-repeatable levels by time:
     D:8: 837 daAuts
     D:3: 734 daAuts
    D:12: 656 daAuts
     D:9: 621 daAuts
     D:4: 619 daAuts
Gauntlet: 618 daAuts
     D:5: 582 daAuts
     D:7: 519 daAuts
     D:2: 497 daAuts
    D:11: 492 daAuts
    D:10: 454 daAuts
     D:6: 449 daAuts
     D:1: 267 daAuts
    D:13: 195 daAuts
   Orc:2: 154 daAuts

Table legend:
 A = Kills in this place as a percentage of kills in entire the game.
 B = Kills by you in this place as a percentage of kills by you in the entire game.
 C = Kills by friends in this place as a percentage of kills by friends in the entire game.
 D = Other kills in this place as a percentage of other kills in the entire game.
 E = Experience gained in this place as a percentage of experience gained in the entire game.
 F = Experience gained in this place divided by the number of levels of this place that you have seen.
                   A       B       C       D       E      F
               +-------+-------+-------+-------+-------+----------------------
         Total | 100.0 | 100.0 |   N/A |   N/A | 100.0 | 3249.8
       Dungeon |  82.5 |  82.5 |   N/A |   N/A |  57.1 | 2285.2
  Orcish Mines |  15.1 |  15.1 |   N/A |   N/A |  33.6 | 8744.5
      Gauntlet |   2.5 |   2.5 |   N/A |   N/A |   9.2 | 4800.0
               +-------+-------+-------+-------+-------+----------------------
